 Dungeon Crawl Stone Soup version 0.18.1-8-gdd0e5ea (webtiles) character file.

7943 Kenran the Slicer (level 11, 0/58 HPs)
             Began as a Vine Stalker Fighter on May 20, 2016.
             Was an Elder of Qazlal.
             Succumbed to Sonja's curare-tipped needle
             ... on level 10 of the Dungeon.
             The game lasted 00:36:52 (8296 turns).

Kenran the Slicer (Vine Stalker Fighter)            Turns: 8296, Time: 00:36:53

Health: 0/58       AC: 15    Str: 24    XL:     11   Next: 23%
Magic:  7/12       EV:  4    Int:  8    God:    Qazlal [****..]
Gold:   833        SH: 15    Dex: 14    Spells: 0 memorised, 10 levels left

rFire  + + .     SeeInvis .     D - +1 dagger (freeze)
rCold  + . .     Gourm    .     I - +0 plate armour
rNeg   . . .     Faith    .     c - +0 shield
rPois  +         Spirit   +     r - +1 helmet
rElec  +         Dismiss  .     (no cloak)
rCorr  +         Reflect  .     J - +0 pair of gloves (curse)
SustAt .         Harm     .     a - +0 pair of boots
MR     +....                    (no amulet)
Stlth  ..........               p - +2 ring of strength
                                m - ring of protection from fire

@: lethally poisoned (0 -> -37), resistant, hasted and slowed, repel missiles,
somewhat resistant to hostile enchantments, extremely unstealthy
A: fangs 3, regeneration 2, magic shield, antimagic bite, no device heal 3, rot
immunity
a: Upheaval, Elemental Force, Renounce Religion


You were on level 10 of the Dungeon.
You worshipped Qazlal.
Qazlal was greatly pleased with you.
You were not hungry.

You visited 2 branches of the dungeon, and saw 11 of its levels.
You also visited: Sewer.

You collected 833 gold pieces.

Inventory:

Hand Weapons
 y - a +1 dagger of speed
 D - a +1 dagger of freezing (weapon)
Armour
 a - a +0 pair of boots (worn)
 c - a +0 shield (worn)
 r - a +1 helmet (worn)
 I - a +0 plate armour (worn)
 J - a cursed +0 pair of gloves (worn)
Jewellery
 b - an uncursed ring of poison resistance {unknown}
 m - a ring of protection from fire (left hand)
 p - a +2 ring of strength (right hand)
 t - an uncursed ring of sustain attributes
Wands
 v - a wand of polymorph (15/24)
 A - a wand of paralysis (15/24)
Scrolls
 e - a scroll of silence {unknown}
 g - a scroll of amnesia
 h - 2 scrolls of immolation
 l - 9 scrolls of identify
 w - 4 scrolls of teleportation
 C - a scroll of enchant armour
 E - a scroll of remove curse
 F - 2 scrolls of fog
 H - a scroll of recharging
 L - a scroll of blinking {unknown}
 N - a scroll of fear
Potions
 d - a potion of might
 i - a potion of haste
 j - 3 potions of agility
 o - 5 potions of curing {unknown}
 s - 2 potions of brilliance {unknown}
 x - 3 potions of flight
 z - 2 potions of cancellation {unknown}
Books
 K - a book of Death

   Spells                             Type                      Level
   a - Corpse Rot                     Necromancy                   2
   b - Sublimation of Blood           Necromancy                   2
   c - Agony                          Necromancy                   5
   d - Dispel Undead                  Necromancy                   5
   e - Excruciating Wounds            Charms/Necromancy            5
   f - Bolt of Draining               Conjuration/Necromancy       5
 M - an Akashic Record

   Spells                             Type                      Level
   a - Dispersal                      Translocation                6
   b - Malign Gateway                 Summoning/Translocation      7
   c - Disjunction                    Translocation                8
   d - Controlled Blink               Translocation                8
 O - a Fen Folio

   Spells                             Type                      Level
   a - Corpse Rot                     Necromancy                   2
   b - Stone Arrow                    Conjuration/Earth            3
   c - Leda's Liquefaction            Hexes/Earth                  4
   d - Summon Forest                  Summoning/Translocation      5
   e - Hydra Form                     Transmutation                6
   f - Summon Hydra                   Summoning                    7
 P - a book of Envenomations

   Spells                             Type                      Level
   a - Spider Form                    Transmutation/Poison         3
   b - Olgreb's Toxic Radiance        Poison                       4
   c - Alistair's Intoxication        Transmutation/Poison         5
   d - Poisonous Cloud                Conjuration/Poison/Air       6
Comestibles
 f - 12 bread rations
 k - 5 meat rations
 n - a beef jerky
 q - 5 fruits
 u - 4 chunks of flesh
 G - a slice of pizza


   Skills:
 - Level 7.0 Fighting
 + Level 13.8 Short Blades
 - Level 2.4 Armour
 - Level 2.6 Shields


You had 10 spell levels left.
You didn't know any spells.

Dungeon Overview and Level Annotations

Branches:
Dungeon (10/15)            Temple (1/1) D:4            Lair (0/8) D:8
    Orc: D:9-12

Altars:
Ashenzari
Cheibriados
Dithmenos
Elyvilon
Fedhas
Gozag
Kikubaaqudgha
Makhleb
Nemelex Xobeh
Okawaru
Pakellas
Qazlal
Ru
Sif Muna
Trog
Vehumet
Xom
Yredelemnul
Zin
The Shining One

Shops:
D:6 =

Annotations:
D:10 Sonja


Innate Abilities, Weirdness & Mutations

You have razor-sharp teeth.
You heal very quickly.
When hurt, damage is shared between your health and your magic reserves.
Your bite disrupts and absorbs the magic of your enemies.
Potions and wands cannot restore your health.
You are immune to rotting.


Message History

You have difficulty breathing.
You feel as though you will be slow longer.
You see here a curare-tipped needle.
* * * LOW HITPOINT WARNING * * *
You feel extremely sick.
You hear a bellow! x4; You hear a shout! x2
Sonja shoots a curare-tipped needle.
You block the curare-tipped needle.
Sonja gestures wildly while chanting.
Sonja blinks!
Some of the chunks of flesh in your inventory have rotted away.
Drink which item? (? for menu, Esc to quit)
It was a potion of resistance.
You feel protected.
* * * LOW HITPOINT WARNING * * *
You feel extremely sick.
Sonja shoots a curare-tipped needle.
You block the curare-tipped needle.
Sonja shoots a curare-tipped needle.
The curare-tipped needle hits you.
Drink which item? (? for menu, Esc to quit)
It was a potion of haste.
You feel yourself speed up.
You die...

########### #.........#
##########.........#
#..................#
###...........§..§...###..
...............(§(.....K..
................@(..######
(..........########'#
.(........§# ...
........§..# #...##
.........§.# 8...8
...........# #...##
..(........### #...#
............... ##...##
............>... 8.§.8#


You could see Sonja.

Vanquished Creatures
  A hill giant (D:10)
  Pikel (D:8)
  An elephant (D:8)
  Joseph (D:10)
  A troll (D:10)
  A two-headed ogre (D:8)
  Sigmund (D:4)
  A spriggan (D:9)
  Eustachio (D:4)
  A wyvern (D:9)
  A yak (D:8)
  A hungry ghost (D:8)
  2 hippogriffs
  4 slaves (D:8)
  4 orc warriors
  A phantom (D:5)
  2 ice beasts (D:10)
  2 black bears
  5 centaurs
  5 ogres
  2 crocodiles
  2 big kobolds
  8 giant frogs
  2 scorpions
  5 killer bees (D:8)
  10 wights
  5 howler monkeys
  A crimson imp (D:8)
  A centaur zombie (D:10)
  4 hounds
  3 jellies
  2 orc priests (D:5)
  2 centaur skeletons
  2 giant frog skeletons
  8 orc wizards
  Jessica (D:2)
  2 iguanas
  Natasha (thrice) (D:2)
  7 worker ants
  A sheep (D:8)
  A hound zombie (D:7)
  Robin (D:2)
  3 gnolls
  15 adders
  2 river rats (Sewer)
  An adder skeleton (D:4)
  3 worms
  2 dart slugs (D:2)
  3 giant geckos
  58 orcs
  4 bats
  7 giant cockroaches
  20 goblins
  7 hobgoblins
  15 jackals
  17 kobolds
  2 quokkas
  2 ball pythons
  3 giant newts
  A jackal skeleton (D:5)
  2 quokka skeletons
  7 rats
284 creatures vanquished.

Vanquished Creatures (others)
  5 toadstools (D:1)
5 creatures vanquished.

Grand Total: 289 creatures vanquished

Notes
Turn   | Place    | Note
--------------------------------------------------------------
     0 | D:1      | Kenran the Vine Stalker Fighter began the quest for the Orb.
     0 | D:1      | Reached XP level 1. HP: 11/11 MP: 2/2
    18 | D:1      | Reached skill level 2 in Short Blades
    89 | D:1      | Reached XP level 2. HP: 14/16 MP: 3/3
   450 | D:2      | Noticed Natasha
   456 | D:2      | Reached skill level 3 in Short Blades
   491 | D:2      | Killed Natasha
   491 | D:2      | Reached XP level 3. HP: 8/19 MP: 1/4
   646 | D:2      | Noticed Natasha
   652 | D:2      | Killed Natasha
   652 | D:2      | Reached skill level 4 in Short Blades
   652 | D:2      | Reached XP level 4. HP: 13/23 MP: 5/5
   864 | D:2      | Noticed Jessica
   882 | D:2      | Killed Jessica
   882 | D:2      | Reached XP level 5. HP: 23/27 MP: 6/6
   972 | D:2      | Noticed Natasha
   980 | D:2      | Killed Natasha
  1302 | D:3      | Noticed Robin
  1328 | D:2      | Reached skill level 5 in Short Blades
  1406 | D:2      | Killed Robin
  1861 | D:4      | Gained mutation: You heal very quickly. [Vine Stalker growth]
  1861 | D:4      | Reached XP level 6. HP: 27/32 MP: 5/7
  1985 | D:4      | Found a staircase to the Ecumenical Temple.
  2032 | Temple   | Entered the Ecumenical Temple
  2236 | Temple   | Became a worshipper of Qazlal Stormbringer
  2308 | D:4      | Found a blossoming altar of Fedhas.
  2357 | D:4      | Reached skill level 6 in Short Blades
  2392 | D:4      | Found a burning altar of Makhleb.
  2442 | D:4      | Noticed Sigmund
  2457 | D:4      | Killed Sigmund
  2457 | D:4      | Reached XP level 7. HP: 18/35 MP: 4/8
  2486 | D:4      | Found a glowing silver altar of Zin.
  2673 | D:4      | Noticed Eustachio
  2695 | D:4      | Killed Eustachio
  2695 | D:4      | Reached skill level 7 in Short Blades
  2857 | D:5      | Entered Level 5 of the Dungeon
  2933 | D:5      | Found a shadowy altar of Dithmenos.
  3332 | D:5      | Reached skill level 8 in Short Blades
  3332 | D:5      | Gained mutation: You have razor-sharp teeth. [Vine Stalker growth]
  3332 | D:5      | Reached XP level 8. HP: 33/39 MP: 9/9
  3588 | D:5      | Found an iron altar of Okawaru.
  3591 | D:5      | Reached * piety under Qazlal
  4073 | D:6      | Found a glowing drain.
  4133 | D:6      | Reached skill level 9 in Short Blades
  4154 | Sewer    | Entered a sewer
  4277 | Sewer    | Found a glowing silver altar of Zin.
  4366 | D:6      | Found Caodd's Jewellery Shop.
  4604 | D:6      | Reached ** piety under Qazlal
  4630 | D:6      | Reached skill level 10 in Short Blades
  4731 | D:6      | Reached XP level 9. HP: 37/45 MP: 10/10
  5222 | D:7      | Reached skill level 5 in Fighting
  5235 | D:7      | Found a sparkling altar of Nemelex Xobeh.
  5596 | D:7      | Reached *** piety under Qazlal
  6028 | D:8      | Reached XP level 10. HP: 18/55 MP: 8/11
  6166 | D:8      | Noticed an elephant
  6170 | D:8      | Reached skill level 11 in Short Blades
  6199 | D:8      | Killed an elephant
  6278 | D:8      | Found a staircase to the Lair.
  6401 | D:8      | Noticed Pikel
  6467 | D:8      | Killed Pikel
  6477 | D:8      | Reached skill level 12 in Short Blades
  7069 | D:9      | Reached **** piety under Qazlal
  7323 | D:9      | Found a radiant altar of Vehumet.
  7441 | D:9      | Found a deep blue altar of Sif Muna.
  7445 | D:9      | Reached skill level 13 in Short Blades
  7716 | D:9      | Found a snail-covered altar of Cheibriados.
  7717 | D:9      | Found an ancient bone altar of Kikubaaqudgha.
  7835 | D:10     | Entered Level 10 of the Dungeon
  7848 | D:10     | Noticed a hill giant
  7872 | D:10     | Killed a hill giant
  7872 | D:10     | Reached XP level 11. HP: 41/58 MP: 9/12
  7895 | D:10     | Noticed Joseph
  7928 | D:10     | Killed Joseph
  8285 | D:10     | Noticed Sonja
  8296 | D:10     | Succumbed to Sonja's curare-tipped needle

Skill      XL: |  1  2  3  4  5  6  7  8  9 10 |
---------------+-------------------------------+-----
Short Blades   | 2 3 4 5 6 8 10 13 | 13.8
Fighting       | 3 7 |  7.0
Armour         | |  2.4
Shields        | |  2.6

Action                   |  1- 3 |  4- 6 |  7- 9 | 10-12 || total
-------------------------+-------+-------+-------+-------++-------
Melee: Rapier            |    76 |   141 |   353 |       ||   570
       Bite              |    20 |    43 |   159 |   191 ||   413
       Dagger            |       |       |   110 |   474 ||   584
  Use: Scroll            |     4 |     5 |     5 |     2 ||    16
       Potion            |       |       |       |     2 ||     2
  Eat: Chunk             |       |     5 |    12 |     9 ||    26
Armor: Scale mail        |    31 |    51 |     1 |       ||    83
       Chain mail        |       |       |   129 |    26 ||   155
       Plate armour      |       |       |       |    88 ||    88
Dodge: Dodged            |    24 |    31 |    53 |    33 ||   141
       Deflected         |       |       |       |     2 ||     2
Block: Shield            |    32 |    55 |   199 |   204 ||   490
